Map: Equilibrium LE

Players

SubN

  • Race: Zerg Zerg
  • League: Diamond
  • Spawn Location: 1:00

MrSquirrley - Winner!

  • Race: Protoss Protoss
  • League: Diamond
  • Spawn Location: 11:00

VOD

Have the link to the VOD?

Description

Time

  • Played on: Nov. 18, 2023, 4:42 p.m.
  • Length: 11:50
Show
View Real Time Build Order
Export as new Build Order

SubN Zerg 

Build Orders: Hatch First 

Get SALT Encoding   

  12  0:00  Drone  
  13  0:12  Overlord  
  13  0:20  Drone  
  14  0:30  Drone x2  
  16  0:49  Hatchery  
  15  1:01  Drone x3  
  18  1:04  Extractor  
  17  1:19  Spawning Pool  
  17  1:20  Drone  
  17  1:24  Drone  
  18  1:35  Drone  
  19  1:46  Drone  
  20  1:55  Overlord  
  20  2:02  Drone  
  21  2:14  Queen x2  
  21  2:15  Metabolic Boost  
  25  2:25  Drone x3  
  25  2:26  Drone  
  29  2:31  Drone  
  29  2:35  Drone  
  31  2:44  Zergling x4  
  33  2:58  Hatchery  
  32  3:01  Queen  
  32  3:03  Overlord  
  34  3:07  Overlord  
  34  3:09  Drone  
  34  3:10  Drone  
  36  3:25  Overlord  
  36  3:29  Drone x6  
  43  3:48  Drone x3  
  43  3:53  Overlord  
  43  4:03  Queen  
  43  4:04  Queen  
  44  4:13  Spore Crawler  
  43  4:18  Spore Crawler  
  43  4:19  Drone x9  
  43  4:24  Spore Crawler  
  50  4:32  Extractor  
  50  4:33  Extractor  
  50  4:35  Queen  
  50  4:38  Spore Crawler  
  49  4:39  Queen  
  49  4:44  Extractor  
  50  4:48  Extractor  
  50  4:49  Extractor  
  48  5:01  Drone x6  
  48  5:02  Drone x6  
  56  5:23  Zergling x2  
  56  5:26  Zergling x2  
  58  5:33  Baneling Nest  
  57  5:37  Drone x3  
  57  5:41  Drone x2  
  57  5:42  Drone x2  
  64  5:49  Overlord x5  
  64  5:57  Drone x2  
  66  5:58  Overlord x3  
  66  5:59  Overlord  
  66  6:06  Queen  
  66  6:08  Drone x2  
  66  6:09  Drone  
  71  6:14  Drone x4  
  75  6:19  Lair  
  73  6:37  Drone  
  73  6:38  Drone x4  
  73  6:39  Drone x2  
  80  6:40  Drone  
  80  6:46  Drone x2  
  83  6:51  Evolution Chamber  
  83  6:52  Zergling x10, Evolution Chamber  
  83  6:53  Zergling x8  
  90  7:05  Zergling x10  
  95  7:13  Drone  
  96  7:17  Hydralisk Den  
  96  7:19  Centrifugal Hooks  
  96  7:22  Zerg Melee Weapons Level 1  
  95  7:23  Zerg Missile Weapons Level 1  
  95  7:24  Zergling x18  
  95  7:27  Baneling x12  
  95  7:28  Baneling x2  
  104  7:34  Drone x2  
  104  7:36  Drone  
  108  7:37  Drone  
  108  7:44  Queen  
  108  7:45  Drone  
  108  7:46  Grooved Spines  
  108  7:47  Hatchery  
  108  7:48  Hatchery  
  109  7:53  Overseer  
  109  7:54  Hydralisk x6  
  121  8:02  Hydralisk  
  121  8:03  Hydralisk x3  
  121  8:05  Overlord  
  129  8:07  Overlord  
  129  8:26  Hydralisk  
  129  8:27  Hydralisk x7  
  144  8:36  Muscular Augments  
  144  8:40  Zergling x2  
  145  8:44  Overlord  
  145  8:45  Overlord x2  
  145  8:46  Overlord x2  
  145  8:58  Drone x6  
  145  9:00  Overlord, Spire  
  145  9:01  Overlord x3  
  150  9:02  Queen  
  150  9:05  Drone x2  
  150  9:06  Drone  
  155  9:23  Zergling x2  
  155  9:24  Zergling x26  
  169  9:35  Unknown  
  131  9:55  Zergling x18  
  131  9:57  Zergling x2  
  141  10:02  Baneling  
  141  10:03  Baneling x23  
  141  10:04  Baneling x4  
  141  10:12  Corruptor x6  
  141  10:13  Corruptor x4  
  161  10:20  Zergling x14  
  161  10:21  Zergling x8  
  172  10:30  Drone x3  
  172  10:31  Overlord x3  
  175  10:38  Hydralisk x5  
  141  10:52  Hydralisk x4  
  141  10:53  Hydralisk x2  
  141  10:54  Zergling x2  
  141  10:55  Zergling x12  
  140  11:04  Zergling x20  
  136  11:06  Zergling x6  
  130  11:20  Zergling x2  
  130  11:21  Zergling x14  
  122  11:28  Zergling x12  
Show
View Real Time Build Order
Export as new Build Order

MrSquirrley Protoss - Winner!

Build Orders: 1 Gate Expand, Oracle Opening 

Get SALT Encoding   

  12  0:00  Probe  
  13  0:13  Probe  
  14  0:19  Pylon  
  14  0:25  Probe  
  15  0:37  Probe (Chrono Boost)  
  16  0:43  Gateway  
  16  0:47  Assimilator  
  17  0:50  Probe (Chrono Boost)  
  17  0:57  Probe (Chrono Boost)  
  18  1:06  Probe  
  19  1:18  Probe  
  20  1:29  Nexus  
  20  1:43  Cybernetics Core  
  20  1:45  Probe  
  21  1:49  Pylon  
  21  1:57  Assimilator  
  21  2:11  Probe  
  22  2:23  Probe (Chrono Boost)  
  22  2:25  Stargate  
  22  2:29  Gateway  
  23  2:35  Probe (Chrono Boost)  
  24  2:43  Probe (Chrono Boost)  
  26  2:44  Probe (Chrono Boost), Adept  
  26  2:46  Warp Gate  
  26  2:49  Probe  
  29  2:53  Probe  
  30  3:01  Probe  
  30  3:05  Probe  
  32  3:06  Oracle (Chrono Boost)  
  35  3:13  Probe  
  35  3:16  Pylon  
  35  3:17  Probe  
  37  3:21  Adept  
  37  3:25  Probe  
  40  3:29  Probe  
  41  3:37  Probe  
  41  3:39  Oracle  
  45  3:41  Probe  
  45  3:47  Stalker  
  48  3:49  Probe  
  48  3:53  Probe  
  48  3:55  Assimilator  
  50  3:57  Assimilator  
  50  4:02  Probe  
  51  4:05  Probe  
  52  4:13  Stalker  
  54  4:17  Pylon  
  54  4:23  Twilight Council  
  54  4:28  Pylon  
  54  4:35  Probe x2  
  56  4:43  Nexus  
  56  4:46  Pylon  
  56  4:47  Probe x2  
  56  4:49  Robotics Facility  
  58  4:59  Probe  
  60  5:00  Probe  
  60  5:11  Blink  
  60  5:12  Probe x2  
  56  5:18  Stalker x2  
  60  5:24  Probe x2  
  62  5:30  Gateway  
  62  5:33  Gateway  
  62  5:36  Probe  
  62  5:37  Robotics Bay  
  62  5:39  Observer  
  62  5:40  Forge  
  62  5:42  Forge  
  64  5:44  Probe  
  64  5:46  Stalker  
  64  5:47  Stalker  
  64  5:48  Probe  
  70  5:56  Pylon, Probe  
  71  6:00  Probe  
  71  6:01  Probe  
  71  6:03  Warp Prism (Chrono Boost)  
  75  6:08  Probe  
  75  6:09  Protoss Ground Weapons Level 1 (Chrono Boost)  
  75  6:11  Protoss Ground Armor Level 1 (Chrono Boost)  
  76  6:12  Probe  
  76  6:17  Probe  
  78  6:19  Stalker x2  
  78  6:22  Probe  
  78  6:25  Probe  
  84  6:27  Extended Thermal Lance  
  84  6:29  Probe  
  85  6:34  Colossus (Chrono Boost), Probe  
  85  6:37  Assimilator  
  92  6:40  Assimilator  
  92  6:43  Gateway  
  92  6:46  Probe x2  
  94  6:50  Probe  
  95  6:58  Stalker  
  95  6:59  Stalker x2  
  101  7:09  Pylon  
  101  7:17  Pylon  
  101  7:21  Pylon  
  101  7:23  Pylon, Photon Cannon  
  101  7:27  Gateway  
  101  7:28  Probe  
  102  7:31  Gateway, Zealot x3  
  102  7:35  Pylon  
  108  7:38  Templar Archives  
  108  7:39  Pylon  
  108  7:46  Nexus  
  108  7:47  Colossus (Chrono Boost)  
  108  7:48  Pylon, Photon Cannon  
  114  7:52  Pylon  
  114  7:54  Probe x3  
  117  8:01  Protoss Ground Weapons Level 2 (Chrono Boost)  
  117  8:03  Protoss Ground Armor Level 2 (Chrono Boost)  
  117  8:20  Probe x3  
  117  8:24  Stalker  
  122  8:27  Colossus (Chrono Boost)  
  122  8:32  Probe  
  129  8:39  Charge (Chrono Boost), Zealot x6  
  141  8:44  Psionic Storm  
  141  8:45  Probe  
  141  8:46  Probe x2  
  144  8:49  Assimilator  
  144  8:54  Gateway  
  144  8:57  Gateway  
  144  8:58  Probe  
  144  9:00  Gateway  
  145  9:11  High Templar x3  
  145  9:12  High Templar  
  145  9:13  High Templar x2  
  157  9:18  Zealot  
  157  9:20  Probe x3  
  157  9:22  Nexus  
  157  9:23  Pylon, Assimilator  
  162  9:25  Probe  
  162  9:26  Colossus (Chrono Boost)  
  169  9:32  Probe x2  
  171  9:43  Zealot  
  171  9:44  Zealot x4  
  155  9:55  Probe x2  
  155  9:56  Observer, Probe x2  
  159  10:12  Colossus  
  165  10:22  Zealot x4  
  165  10:23  Stalker  
  165  10:24  Stalker x4  
  165  10:25  Stalker  
  149  10:52  Stalker x2  
  149  10:53  Stalker x6  
  149  10:54  Stalker x2  
  140  10:58  Probe x5  
  139  11:14  Probe x2  
  139  11:17  Probe  
  140  11:22  High Templar  
  140  11:23  High Templar x3  
  140  11:24  Zealot x5  
  140  11:25  Zealot  
  153  11:45  Gateway  
  151  11:49  Pylon  
  151  11:50  Pylon  
Tags
 
Add a new tag
Caveats
  • Supply blocks, unpowered buildings, or Contaminate may cause inaccurate times.
  • Supply counts are checked every 10 seconds.